 Dungeon Crawl Stone Soup version 0.13.0-29-gdb529de (webtiles) character file.

55 M4edhros the Caller (level 3, -3/21 HPs)
             Began as an Octopode Summoner on Nov 15, 2013.
             Killed by nerve-wracking pain
             ... invoked by Jessica
              (5 damage)
             ... on Level 2 of the Dungeon.
             The game lasted 00:01:49 (2059 turns).

M4edhros the Caller (Octopode Summoner)             Turns: 2059, Time: 00:01:49

HP  -3/21        AC  1     Str  7      XL: 3   Next: 35%
MP   6/6         EV 12     Int 18      God:
Gold 20          SH  0     Dex 12      Spells:  1 memorised,  4 levels left

Res.Fire  : . . .   See Invis. : .   n - -1,+1 orc dagger (speed)
Res.Cold  : . . .   Warding    : .   (no shield)
Life Prot.: . . .   Conserve   : .   (helmet restricted)
Res.Poison: .       Res.Corr.  : .   (no amulet)
Res.Elec. : .       Clarity    : .   (no ring)
Sust.Abil.: . .     Spirit.Shd : .   (no ring)
Res.Mut.  : .       Stasis     : .   (no ring)
Res.Rott. : .       Flight     : .   (no ring)
Saprovore : . . .                    (no ring)
                                     (no ring)
                                     (no ring)
                                     (no ring)

@: invisible, not resistant to hostile enchantments, quite stealthy
A: almost no armour, amphibious, 8 rings, constrict 8, camouflage 1, AC +1
a: no special abilities


You were on level 2 of the Dungeon.
You were not hungry.

You visited 1 branch of the dungeon, and saw 2 of its levels.

Inventory:

Hand weapons
 e - a +0,+0 short sword
 g - a +2,+1 dwarven short sword
 n - a -1,+1 orcish dagger of speed (weapon)
Missiles
 a - 4 javelins (quivered)
Comestibles
 c - a bread ration
Scrolls
 f - a scroll of enchant weapon II {unknown}
 h - a scroll of teleportation {unknown}
 i - a scroll of remove curse {unknown}
 l - a scroll of noise {unknown}
Potions
 j - a potion of beneficial mutation {unknown}
 m - 2 potions of flight {unknown}
Books
 b - a book of Callings

   Spells                             Type                      Level
   *Summon Small Mammal               Summoning                    1
   Call Imp                           Summoning                    2
   Call Canine Familiar               Summoning                    3
   Summon Scorpions                   Summoning/Poison             4
   Summon Ice Beast                   Ice/Summoning                4


   Skills:
 - Level 2.0 Dodging
 - Level 2.6 Stealth
 + Level 1.6 Spellcasting
 * Level 4.8 Summonings


You had 4 spell levels left.
You knew the following spells:

 Your Spells              Type           Power        Failure   Level  Hunger
a - Summon Small Mammal   Summ           ###.         2%          1    #......


Dungeon Overview and Level Annotations

Branches:
Dungeon (2/27)

Altars:

Annotations:
D:2 Jessica


Innate Abilities, Weirdness & Mutations

You cannot wear most types of armour.
You are amphibious.
You can wear up to eight rings at the same time.
You can use your tentacles to constrict many enemies at once.
Your skin changes colour to match your surroundings (Stlth).
Your rubbery body absorbs attacks (AC +1).


Message History

Something tries to affect you, but you resist.
You close the door.
It hits you but does no damage.
You open the door. It hits you.
There isn't anything here!
You close the door.
It hits you but does no damage. It hits you but does no damage.
You start resting.
It hits you but does no damage.
You barely miss it. It hits you.
You closely miss it. It hits you.
You closely miss it. You closely miss it.
You hear some strange, mumbled words.
Pain shoots through your body!
* * * LOW HITPOINT WARNING * * *
Drink which item? (? for menu, Esc to quit)
You fade into invisibility!
It was a potion of invisibility.
You hear some strange, mumbled words.
Pain shoots through your body!
You die...

. .. #. #. ##+## #.
##...## ##. ##.....##
##.. ##.......##
#####...####.........#
.........{@+.........+
#####...####.........#
#..# ##.......## #.#
##.(...## #. ##...## .
#..... # #..#### #..#
#..#


There were no monsters in sight!

Vanquished Creatures
  An adder (D:1)
  2 giant cockroaches (D:1)
  7 goblins (D:1)
  5 hobgoblins (D:1)
  3 bats (D:1)
  2 giant newts (D:1)
  4 kobolds (D:1)
  3 rats (D:1)
27 creatures vanquished.

Vanquished Creatures (others)
  A quokka (D:1)
1 creature vanquished.

Grand Total: 28 creatures vanquished

Notes
Turn   | Place    | Note
--------------------------------------------------------------
     0 | D:1      | M4edhros, the Octopode Summoner, began the quest for the Orb.
     0 | D:1      | Reached XP level 1. HP: 11/11 MP: 3/3
   614 | D:1      | Reached XP level 2. HP: 15/17 MP: 4/4
  1187 | D:1      | Reached XP level 3. HP: 9/21 MP: 3/6
  2031 | D:1      | You fall through a shaft!
  2031 | D:2      | Noticed Jessica
  2059 | D:2      | Killed from afar by Jessica

Action                   || total
-------------------------++-------
Melee: Unarmed           ||    13
       Short sword       ||    48
       Dagger            ||     9
 Cast: Summon Small Mamm ||     3
  Use: Potion            ||     2
 Stab: Sleeping          ||     4
